 Dungeon Crawl Stone Soup version 0.29-a0-1019-g84f7d21838 (webtiles) character file.

Game seed: 3619211838304163053

141 Newt the Shooter (level 5, -1/32 HPs)
             Began as a Kobold Hunter on Aug 10, 2022.
             Was an Initiate of Gozag.
             Slain by Sigmund
             ... wielding a +0 scythe
              (7 damage)
             ... on level 4 of the Dungeon.
             The game lasted 00:03:53 (2789 turns).

Newt the Shooter (Kobold Hunter)                    Turns: 2789, Time: 00:03:54

Health: -1/32      AC:  3    Str:  8    XL:     5   Next: 48%
Magic:  5/5        EV: 14    Int: 14    God:    Gozag
Gold:   131        SH:  0    Dex: 19    Spells: 4/4 levels left

rFire   . . .      SeeInvis .   a - +0 shortbow
rCold   . . .      Faith    .   (shield currently unavailable)
rNeg    . . .      Spirit   .   c - +0 leather armour
rPois   .          Reflect  .   (no helmet)
rElec   .          Harm     .   (no cloak)
rCorr   .          Rampage  .   (no gloves)
Will    .....                   (no boots)
Stlth   ++++......              (no amulet)
HPRegen 0.10/turn               (no ring)
MPRegen 0.09/turn               (no ring)

@: gold aura, hasted (expiring), unable to read, very quick
A: small, no large weapons, nightstalker 3, clever 1, inability to read while
threatened 1
a: Renounce Religion, Potion Petition, Call Merchant, Bribe Branch


You were on level 4 of the Dungeon.
You worshipped Gozag.
Gozag was aware of your devotion.
You visited 1 branch of the dungeon, and saw 4 of its levels.

You collected 267 gold pieces.
You spent 72 gold pieces at shops.
You paid 64 gold pieces to Gozag.

Inventory:

Hand Weapons
 a - a +0 shortbow (weapon)
Armour
 c - a +0 leather armour (worn)
 n - the +0 leather armour of the Cicada {rN+ Will+ Str-2}
   (You found it on level 2 of the Dungeon)

   Str:       It affects your strength (-2).
   rN:        It protects you from negative energy.
   Will:      It increases your willpower.
Jewellery
 g - a +6 ring of intelligence
Scrolls
 b - 2 scrolls of immolation
 f - a scroll of amnesia {unknown}
 h - a scroll of enchant armour {unknown}
Potions
 d - a potion of flight
 i - a potion of attraction
 j - 2 potions of lignification
 l - a potion of resistance {unknown}


   Skills:
 + Level 3.2 Fighting
 - Level 7.0 Ranged Weapons
 - Level 2.4 Dodging
 * Level 4.0 Stealth


You had 4 spell levels left.
You didn't know any spells.
Your spell library contained the following spells:

 Spells                   Type           Power      Damage    Failure   Level
 Magic Dart               Conj           0%         1d3       38%         1
 Shock                    Conj/Air       0%         1d3       38%         1
 Searing Ray              Conj           0%         2d4       54%         2
 Swiftness                Air            0%         N/A       77%         3
 Airstrike                Air            0%         2d(0-16)  99%         4
 Fulminant Prism          Conj/Hex       0%         3d6       99%         4
 Blade Hands              Tmut           0%         N/A       100%        5
 Irradiate                Conj/Tmut      0%         3d11      100%        5
 Dragon Form              Tmut           0%         N/A       100%        7


Dungeon Overview and Level Annotations

Branches:
Dungeon (4/15)
 Temple: D:4-7

Altars:
Gozag
Kikubaaqudgha
Nemelex Xobeh
Trog
Wu Jian
Zin
The Shining One

Shops:
D:3 *

Annotations:
D:4 Sigmund


Innate Abilities, Weirdness & Mutations

You are small and have problems with some larger weapons.
You are completely attuned to the shadows.
Your mind is acute. (Int +4, Str/Dex -1)
You occasionally lose the ability to read scrolls when taking damage.


Message History

Unknown command.
Fire: a) +0 shortbow
Press: ? - help, Shift-Dir - straight line, f/p - Sigmund
Aim: Sigmund, wielding a +0 scythe and wearing a +0 robe (lightly wounded, 62% to hit)
You shoot an arrow. The arrow barely misses Sigmund.
Your extra speed is starting to run out.
Unknown command.
Fire: a) +0 shortbow
Press: ? - help, Shift-Dir - straight line, f/p - Sigmund
Aim: Sigmund, wielding a +0 scythe and wearing a +0 robe (lightly wounded, 62% to hit)
You shoot an arrow. The arrow hits Sigmund.
Sigmund is lightly wounded.
Sigmund hits you from afar with a +0 scythe.
You feel threatened and lose the ability to read scrolls!
* * * LOW HITPOINT WARNING * * *
Fire: a) +0 shortbow
Press: ? - help, Shift-Dir - straight line, f/p - Sigmund
Aim: Sigmund, wielding a +0 scythe and wearing a +0 robe (lightly wounded, 62% to hit)
You shoot an arrow. The arrow closely misses Sigmund.
Unknown command.
Fire: a) +0 shortbow
Press: ? - help, Shift-Dir - straight line, f/p - Sigmund
Aim: Sigmund, wielding a +0 scythe and wearing a +0 robe (lightly wounded, 62% to hit)
You shoot an arrow. The arrow hits Sigmund.
Sigmund is moderately wounded.
Sigmund closely misses you.
Fire: a) +0 shortbow
Press: ? - help, Shift-Dir - straight line, f/p - Sigmund
Aim: Sigmund, wielding a +0 scythe and wearing a +0 robe (moderately wounded, 62% to hit)
You shoot an arrow.
The arrow hits Sigmund but does no damage.
Sigmund is moderately wounded.
Fire: a) +0 shortbow
Press: ? - help, Shift-Dir - straight line, f/p - Sigmund
Aim: Sigmund, wielding a +0 scythe and wearing a +0 robe (moderately wounded, 62% to hit)
You shoot an arrow. The arrow hits Sigmund!
Sigmund is severely wounded.
Sigmund hits you from afar with a +0 scythe!
You die...
Your body crumbles into a pile of gold.

#....._8_.###########
#>....._............#######
##........########.........
#......### #...........
#......# #...........
#......# #...........
#......# #...........
#......#
########........... ###
#####'##
#.@$@.............. ..# #.#
########.....###### ..# #.#
#.......# ..########.#
#.......# ..'........#
#.......# # ..##########
#.......# # ### #.......# #
#.......#### ####
#...........


You could see Sigmund.

Vanquished Creatures
  2 hounds (D:4)
  2 adders (D:4)
  2 worms (D:2)
  4 dart slugs
  2 orcs (D:3)
  5 bats
  3 endoplasms
  2 giant cockroaches
  8 goblins
  3 hobgoblins
  A quokka (D:4)
  2 ball pythons
  3 frilled lizards
  4 kobolds
  6 rats
49 creatures vanquished.

Notes
Turn   | Place    | Note
-------+----------+-------------------------------------------
     0 | D:1      | Newt the Kobold Hunter began the quest for the Orb.
     0 | D:1      | Reached XP level 1. HP: 12/12 MP: 1/1
   292 | D:1      | Reached XP level 2. HP: 17/17 MP: 2/2
   299 | D:1      | Reached skill level 6 in Ranged Weapons
   570 | D:1      | You fall into a shaft and drop 1 floor!
   686 | D:2      | Reached XP level 3. HP: 21/21 MP: 3/3
   844 | D:2      | Found a sparkling altar of Nemelex Xobeh.
  1243 | D:2      | Identified the +0 leather armour of the Cicada {rN+ Will+
                  | Str-2}
  1634 | D:3      | Found a glowing golden altar of the Shining One.
  1758 | D:3      | Gained mutation: You occasionally lose the ability to read
                  | scrolls when taking damage. [potion of mutation]
  1758 | D:3      | Gained mutation: Your mind is acute. (Int +4, Str/Dex -1)
                  | [potion of mutation]
  1805 | D:3      | Found a glowing silver altar of Zin.
  1852 | D:3      | Found Puatuba's Assorted Antiques.
  1859 | D:3      | Reached skill level 7 in Ranged Weapons
  1967 | D:3      | Bought a scroll of identify for 48 gold pieces
  1967 | D:3      | Bought a scroll labelled ODGHAE HIMIKH for 24 gold pieces
  2241 | D:3      | Reached XP level 4. HP: 26/26 MP: 4/4
  2470 | D:4      | Found an ancient bone altar of Kikubaaqudgha.
  2471 | D:4      | Found an ornate altar of the Wu Jian Council.
  2471 | D:4      | Found a bloodstained altar of Trog.
  2472 | D:4      | Found an opulent altar of Gozag.
  2477 | D:4      | Became a worshipper of Gozag Ym Sagoz the Greedy
  2637 | D:4      | Reached XP level 5. HP: 32/32 MP: 5/5
  2706 | D:4      | Noticed a phantom
  2739 | D:4      | Noticed Sigmund
  2789 | D:4      | Slain by Sigmund

Illustrated notes

Levels and vault maps discovered:
D:1:      dpeg_arrival_rooms_c, layout_basic, shapermc_ecumenical_altar_petra
D:2:      layout_basic, basic_altar, minmay_statues_item,
          chequers_serial_rivers_micro_c
D:3:      layout_basic, mainiacjoe_overflow_small_starburst,
          nicolae_overflow_hidden_temple, serial_shops,
          nicolae_shop_overgrown_old_shop
D:4:      layout_basic, chequers_temple_overflow_statue_of_worship,
          serial_bayou_pond_e, uniq_sigmund

Skill      XL: |  1  2  3  4  5 |
---------------+----------------+-----
Ranged Weapons | 6 7 |  7.0
Stealth        | 3 4 |  4.0
Fighting       | 3 |  3.2
Dodging        | |  2.4

Action                   |  1- 3 |  4- 6 || total
-------------------------+-------+-------++-------
 Fire: Shortbow          |    83 |    57 ||   140
  Use: Scroll            |     9 |     3 ||    12
       Potion            |     1 |     4 ||     5
Armor: Leather armour    |     7 |     8 ||    15
Dodge: Dodged            |    22 |    12 ||    34

Table legend: (Time is in decaauts)
 A = Elapsed time spent in this place.
 B = Non-inter-level travel time spent in this place.
 C = Inter-level travel time spent in this place.
 D = Time resting spent in this place.
 E = Time spent auto-exploring this place.
 F = Levels seen in this place.
 G = Mean time per level.
                   A        B        C        D        E       F      G
               +--------+--------+--------+--------+--------+-----+--------+
         Total |   2801 |   2761 |     40 |    100 |   2348 |   4 |  700.2 |
       Dungeon |   2801 |   2761 |     40 |    100 |   2348 |   4 |  700.2 |
               +--------+--------+--------+--------+--------+-----+--------+

Top non-repeatable levels by time:
     D:2: 1065 daAuts
     D:3: 764 daAuts
     D:1: 575 daAuts
     D:4: 396 daAuts
